Map: Cyber Forest LE

Players

Horizon

  • Race: Protoss Protoss
  • League: Platinum
  • Spawn Location: 5:00

MiuGu - Winner!

  • Race: Zerg Zerg
  • League: Platinum
  • Spawn Location: 11:00

VOD

Have the link to the VOD?

Description

Time

  • Played on: May 14, 2019, 5:13 a.m.
  • Length: 11:26
Show
View Real Time Build Order
Export as new Build Order

Horizon Protoss 

Build Orders: 1 Gate Expand, Double Forge, Chargelot Immortal 

Get SALT Encoding   

  12  0:01  Probe  
  13  0:13  Probe  
  14  0:20  Pylon  
  14  0:26  Probe  
  15  0:38  Probe  
  15  0:39  Gateway  
  16  0:46  Probe  
  16  0:52  Assimilator  
  16  0:56  Probe  
  18  1:08  Probe  
  19  1:27  Nexus  
  19  1:38  Probe  
  18  1:40  Cybernetics Core  
  18  1:46  Probe  
  19  1:52  Assimilator  
  20  1:56  Pylon  
  20  1:58  Probe  
  21  2:10  Probe  
  22  2:18  Sentry  
  24  2:30  Warp Gate  
  24  2:31  Probe  
  25  2:39  Probe  
  25  2:43  Probe  
  27  2:45  Gateway  
  27  2:47  Stalker  
  29  2:51  Probe  
  30  3:00  Robotics Facility  
  30  3:08  Gateway  
  30  3:10  Probe, Gateway  
  31  3:13  Probe  
  32  3:23  Probe x2  
  34  3:31  Probe  
  34  3:32  Probe, Twilight Council  
  34  3:39  Probe  
  34  3:40  Probe  
  36  3:46  Pylon  
  38  3:49  Probe  
  38  3:55  Probe  
  40  3:58  Immortal  
  44  4:08  Probe, Charge  
  44  4:09  Probe  
  46  4:22  Sentry  
  48  4:24  Zealot  
  48  4:25  Zealot  
  52  4:31  Zealot  
  52  4:37  Pylon  
  54  4:39  Pylon  
  54  4:40  Assimilator  
  54  4:47  Forge  
  54  4:50  Warp Prism  
  54  4:51  Probe  
  54  4:53  Probe  
  54  4:54  Forge  
  54  4:59  Probe  
  58  5:01  Probe  
  60  5:07  Assimilator  
  60  5:08  Pylon, Sentry x2  
  60  5:10  Probe  
  65  5:21  Immortal  
  69  5:34  Nexus  
  69  5:35  Pylon  
  69  5:47  Probe x2  
  69  5:49  Zealot x3  
  77  5:51  Protoss Ground Armor Level 1  
  77  5:56  Pylon  
  77  5:59  Protoss Ground Weapons Level 1  
  77  6:19  Gateway  
  77  6:23  Gateway  
  77  6:25  Gateway  
  77  6:28  Gateway  
  76  6:43  Zealot x4  
  84  6:49  Pylon, Nexus  
  84  6:51  Pylon x2  
  84  7:10  Stalker x4  
  92  7:16  Probe x2  
  92  7:17  Pylon  
  94  7:28  Probe x2  
  96  7:40  Probe x2  
  96  7:42  Stalker  
  96  7:43  Stalker x5  
  96  7:52  Probe x2  
  76  8:04  Probe  
  75  8:11  Zealot x7  
  75  8:12  Zealot  
  85  8:32  Stalker x6  
  85  8:33  Stalker  
  85  8:55  Templar Archives  
  85  9:01  Immortal  
  73  9:19  Robotics Facility  
  73  9:21  Zealot x2  
  73  9:22  Zealot x3  
  83  9:25  Assimilator  
  83  9:27  Probe, Assimilator  
  83  9:28  Probe  
  85  9:38  Probe  
  85  9:39  Probe x2  
  85  9:40  Immortal  
  92  9:46  Probe  
  92  9:47  Probe x2  
  95  9:55  Probe  
  96  10:01  High Templar x3  
  96  10:06  Probe  
  102  10:07  Nexus  
  102  10:08  Pylon  
  102  10:09  Archon  
  93  10:18  Zealot x5  
  93  10:19  Probe, Immortal  
Show
View Real Time Build Order
Export as new Build Order

MiuGu Zerg - Winner!

Build Orders: Hatch First 

Get SALT Encoding   

  12  0:01  Drone  
  13  0:12  Overlord  
  13  0:16  Drone  
  14  0:30  Drone x2  
  16  0:51  Hatchery  
  16  0:54  Drone  
  16  1:05  Drone x2  
  18  1:19  Extractor  
  18  1:21  Spawning Pool  
  18  1:23  Drone x2  
  18  1:29  Drone  
  19  1:45  Drone  
  20  1:53  Overlord  
  20  2:08  Queen x2  
  20  2:09  Zergling x4  
  26  2:18  Drone x2  
  28  2:24  Drone  
  28  2:25  Drone  
  30  2:35  Overlord, Drone  
  31  2:45  Drone  
  31  2:50  Drone  
  33  2:56  Drone  
  34  3:03  Drone  
  35  3:08  Hatchery  
  34  3:14  Drone x2  
  34  3:19  Queen  
  38  3:23  Lair  
  38  3:28  Overlord  
  38  3:31  Overlord  
  38  3:45  Overlord  
  38  3:46  Drone  
  38  3:47  Drone x4  
  43  3:51  Drone  
  43  3:52  Drone x5  
  49  4:02  Queen  
  49  4:04  Drone x2  
  53  4:12  Roach Warren  
  53  4:15  Evolution Chamber  
  51  4:23  Drone  
  51  4:24  Drone x5  
  57  4:34  Queen  
  59  4:44  Drone x7  
  59  4:45  Overlord  
  66  4:46  Overlord  
  66  4:57  Glial Reconstitution  
  66  4:59  Zerg Missile Weapons Level 1  
  66  5:04  Overlord  
  66  5:05  Overlord  
  66  5:06  Roach x5  
  76  5:07  Roach  
  78  5:25  Roach x6  
  90  5:30  Extractor  
  90  5:31  Extractor  
  90  5:32  Extractor  
  90  5:34  Extractor  
  85  5:55  Drone x12  
  97  5:59  Overlord x2  
  97  6:00  Overlord  
  97  6:04  Metabolic Boost  
  97  6:27  Drone x6  
  103  6:35  Extractor, Spore Crawler  
  103  6:36  Spore Crawler  
  100  6:46  Roach x8  
  100  6:47  Roach x3  
  122  6:52  Overlord x2  
  122  6:53  Overlord  
  115  7:04  Roach  
  115  7:05  Roach x6  
  115  7:07  Overlord x3  
  121  7:13  Zerg Missile Weapons Level 2  
  121  7:20  Roach x4  
  121  7:21  Roach x2  
  133  7:23  Ravager  
  133  7:24  Ravager  
  133  7:26  Ravager  
  133  7:29  Zergling x4  
  138  7:36  Ravager x3  
  141  7:41  Zergling x6  
  144  7:46  Roach  
  144  7:47  Roach x3  
  143  7:57  Roach  
  143  7:58  Roach x7  
  142  8:15  Overlord x2  
  142  8:16  Roach  
  142  8:17  Roach x5  
  155  8:41  Roach x8  
  155  8:44  Overlord x8  
  166  8:52  Roach  
  160  9:05  Roach x6  
  172  9:17  Overseer  
  172  9:23  Infestation Pit  
  171  9:24  Overseer  
  171  9:25  Overseer  
  171  9:39  Roach  
  171  9:40  Roach x11  
  195  9:48  Spire  
  194  9:55  Roach  
  194  9:56  Roach x2  
  200  10:11  Roach  
  200  10:12  Roach  
Tags
 
Add a new tag
Caveats
  • Supply blocks, unpowered buildings, or Contaminate may cause inaccurate times.
  • Supply counts are checked every 10 seconds.